 Dungeon Crawl Stone Soup version 0.31.0-11-ge490571c62 (webtiles) character file.

Game seed: 2250129035620432689

5 Flugkiller the Firebug (level 1, 0/14 HPs)
             Began as a Ghoul Fire Elementalist on Jan 29, 2024.
             Slain by a rat (3 damage)
             ... on level 1 of the Dungeon.
             The game lasted 00:00:11 (83 turns).

Flugkiller the Firebug (Ghoul Fire Elementalist)      Turns: 83, Time: 00:00:11

Health: 0/14       AC:  2    Str: 11    XL:     1   Next: 80%
Magic:  2/3        EV: 12    Int: 14    God:
Gold:   0          SH:  0    Dex:  9    Spells: 2/3 levels left

rFire   . . .        c - +0 dagger
rCold   + . .        (no shield)
rNeg    + + +        a - +0 robe
rPois   ∞            (no helmet)
rElec   .            (no cloak)
rCorr   .            (no gloves)
SInv    .            (no boots)
Will    .....        (no amulet)
Stlth   ++           (no ring)
HPRegen 0.00/turn    (no ring)
MPRegen 0.08/turn

%: no passive effects
@: inhibited regen
A: claws 1, cold resistance 1, negative energy resistance 3, inhibited
regeneration, torment resistance 2, devour on kill
a: no special abilities


You were on level 1 of the Dungeon.
You visited 1 branch of the dungeon, and saw 1 of its levels.

Inventory:

Hand Weapons
 c - a +0 dagger (weapon)
   (You took it off a goblin on level 1 of the Dungeon)
Armour
 a - a +0 robe (worn)
Scrolls
 e - a scroll of teleportation {unknown}
Potions
 b - a potion of magic
 d - a potion of might {unknown}


   Skills:
 - Level 1.7 Dodging
 - Level 2.1 Stealth
 + Level 1.9 Spellcasting
 + Level 1.0 Conjurations
 * Level 2.6 Fire Magic


You had 2 spell levels left.
You knew the following spells:

 Your Spells              Type           Power      Damage    Failure   Level
a - Foxfire               Conj/Fire      24%        2x1d5     12%         1

Your spell library contained the following spells:

 Spells                   Type           Power      Damage    Failure   Level
 Scorch                   Fire           16%        2d5       13%         2
 Inner Flame              Hex/Fire       4%         N/A       38%         3
 Volatile Blastmotes      Fire/Tloc      8%         2d10      38%         3
 Flame Wave               Conj/Fire      6%         2d5       75%         4


Dungeon Overview and Level Annotations

Branches:
Dungeon (1/15) Zot: 5916

Altars:


Innate Abilities, Weirdness & Mutations

You are immune to poison.
You have sharp fingernails.
Your flesh is cold resistant. (rC+)
You are immune to negative energy. (rN+++)
You do not regenerate when monsters are visible.
You are immune to unholy pain and torment.
You thrive by killing the living.


Message History

Confirm with . or Enter, or press ? or * to list all spells.
You conjure some foxfire!
Casting: Foxfire (safe; 13% risk of failure)
Confirm with . or Enter, or press ? or * to list all spells.
You conjure some foxfire!
The foxfire hits the quokka.
The quokka is severely wounded.
The foxfire hits the quokka.
You kill the quokka!
Casting: Foxfire (safe; 13% risk of failure)
Confirm with . or Enter, or press ? or * to list all spells.
You conjure some foxfire!
The foxfire hits the goblin.
The goblin is severely wounded.
The foxfire hits the goblin.
You kill the goblin!
Casting: Foxfire (safe; 12% risk of failure)
Confirm with . or Enter, or press ? or * to list all spells.
You don't have enough magic to cast this spell.
Found 9 stones and a sedimented red potion.
Found a leather armour.
Your foxfire dissipates!
Things that are here:
a +0 dagger; a quokka corpse
c - a +0 dagger (weapon)
d - a sedimented red potion
Found an escape hatch in the floor.
e - a scroll labelled MOTAEB NEGHI
Found a whip.
Unknown command.
There is an escape hatch in the floor here.
Magic restored. 2 bats come into view.
Found a mace.
Found a stone staircase leading down.
There are monsters nearby!
There are monsters nearby!
Unknown command.
Found a whip.
The bat barely misses you.
Casting: Foxfire (safe; 12% risk of failure)
Confirm with . or Enter, or press ? or * to list all spells.
You conjure some foxfire!
The bat misses you.
Casting: Foxfire (safe; 12% risk of failure)
Confirm with . or Enter, or press ? or * to list all spells.
You conjure some foxfire!
The foxfire hits the bat.
The bat is moderately wounded.
The foxfire hits the bat.
You kill the bat!
Found a potion of magic.
The foxfire hits the bat.
The bat is heavily wounded.
The foxfire hits the bat.
You kill the bat!
Your Conjurations skill increases to level 1!
You see here a bat corpse.
Casting: Foxfire (safe; 12% risk of failure)
Confirm with . or Enter, or press ? or * to list all spells.
You conjure some foxfire!
Casting: Foxfire (safe; 12% risk of failure)
Confirm with . or Enter, or press ? or * to list all spells.
You don't have enough magic to cast this spell.
Casting: Foxfire (safe; 12% risk of failure)
Confirm with . or Enter, or press ? or * to list all spells.
You don't have enough magic to cast this spell.
Your foxfire dissipates!
A frilled lizard comes into view.
A frilled lizard is nearby!
A frilled lizard is nearby!
Unknown command.
A frilled lizard is nearby!
A frilled lizard comes into view.
Found a scroll labelled LYMOIVO KUSUI.
A frilled lizard, a rat and a dart slug come into view.
Found a scroll labelled MOTAEB NEGHI.
The frilled lizard hisses angrily.
The frilled lizard hisses angrily.
The rat squeaks loudly.
The frilled lizard hisses angrily.
The frilled lizard barely misses you.
You hit the frilled lizard but do no damage.
The frilled lizard closely misses you.
You closely miss the frilled lizard. The frilled lizard bites you. x2
You completely miss the frilled lizard. The frilled lizard bites you. x2
The frilled lizard bites you but does no damage.
The frilled lizard attacks as it pursues you!
The frilled lizard bites you.
The frilled lizard attacks as it pursues you!
The frilled lizard misses you.
The frilled lizard attacks as it pursues you!
The frilled lizard barely misses you.
You hit the dart slug.
The dart slug is lightly wounded.
The frilled lizard bites you. The rat closely misses you.
The frilled lizard bites you. The dart slug launches a dart at you.
The slug dart misses you. The frilled lizard bites you.
The dart slug completely misses you.
The frilled lizard attacks as it pursues you!
The frilled lizard bites you.
* * * LOW HITPOINT WARNING * * *
The dart slug misses you. The rat bites you.
* * * LOW HITPOINT WARNING * * *
The rat attacks as it pursues you! The rat bites you.
You die...

#.##.###...# #.
........... ...
#.........##...
####....)........#
#..............>..
#.##..............
#@#..)............
##r#..............#
#.###..#.....†........#
#.....ll.l......†.)....
#.~.~..w...............
...~⌠~...........#......
.#..~..........#.#.#...§
#................#...##.
.....?...........###.>#.


You could see a dart slug, 2 frilled lizards and a rat.

Vanquished Creatures
  2 bats (D:1)
  A goblin (D:1)
  A quokka (D:1)
4 creatures vanquished.

Vanquished Creatures (others)
  12 foxfires (D:1)
12 creatures vanquished.

Grand Total: 16 creatures vanquished

Notes
Turn   | Place    | Note
-------+----------+-------------------------------------------
     0 | D:1      | Flugkiller the Ghoul Fire Elementalist began the quest for
                  | the Orb.
     0 | D:1      | Reached XP level 1. HP: 14/14 MP: 3/3
    61 | D:1      | Reached skill level 1 in Conjurations
    83 | D:1      | Slain by a rat

Illustrated notes

Levels and vault maps discovered:
D:1:      minmay_arrival_three_doors, layout_rooms, corexii_leaking_fountain,
          dk_noncrumbling_4

Skill      XL: |  1 |
---------------+----+-----
Conjurations   | 1 |  1.0
Dodging        | |  1.7
Stealth        | |  2.1
Spellcasting   | |  1.9
Fire Magic     | |  2.6

Action                     || total
---------------------------++-------
  Melee: Dagger            ||     4
   Cast: Foxfire           ||     6
 Armour: Robe              ||    12
  Dodge: Dodged            ||    10
